AoeStats
← 陟遐自迩

MegaRandom

508917503Analyzed
4v4 RM · 8d ago on Sep 24, 2026· 49m 57s· 8 players
Game mode
Random Map
Map size
Large (8 player)
Population
200
Speed
Normal
Resources
Standard
Victory
Conquest
Starting age
Dark Age
Ending age
Imperial Age
RankedLock teamsTeams togetherTeam positionsShared explorationLock speedFull tech treeHidden civsTurbo modeCheats
Victory
Defeat
🇲🇽 Teutons · Mexico
1066
+14
🇨🇳 Koreans · China
1049
+15
🇩🇪 Saxons · Germany
1041
+15
🇫🇷 Mongols · France
1028
+16
🇹🇼 Danes · Taiwan
1098
-17
🇹🇼 Varangians · Taiwan
1017
-15
🇹🇼 Maya · Taiwan
994
-14
🇹🇼 Varangians · Taiwan
992
-14
WilliamWei
8:10 Loom
10:28 Feudal Age
15:17 Castle Age
13:52 Double-Bit Axe
17:26 Scale Mail Armor
17:29 Squires
18:12 Forging
21:14 Bow Saw
20:47 Horse Collar
31:56 Fletching
39:51 Wheelbarrow
44:07 Imperial Age
42:20 Bloodlines
42:11 Husbandry
42:35 Heavy Plow
42:49 Scale Barding Armor
43:45 Iron Casting
44:31 Chain Barding Armor
46:19 Blast Furnace
46:12 Conscription
48:20 Plate Barding Armor
阿泡
8:41 Loom
12:12 Feudal Age
16:25 Castle Age
22:42 Gambesons
26:18 Double-Bit Axe
29:49 Wheelbarrow
30:03 Scale Mail Armor
30:13 Forging
30:14 Squires
32:50 Chain Mail Armor
33:10 Iron Casting
33:17 Arson
拉豬武士
10:25 Feudal Age
16:44 Castle Age
14:54 Double-Bit Axe
16:57 Fletching
17:12 Gold Mining
17:10 Horse Collar
18:30 Crossbowman
20:11 Padded Archer Armor
25:10 Wheelbarrow
29:04 Scale Mail Armor
28:53 Eagle Warrior
30:13 Forging
31:24 Bodkin Arrow
33:34 Elite Skirmisher
34:54 Elite Skirmisher
37:44 Hul'che Javelineers
38:11 Bow Saw
羊咩
10:46 Feudal Age
9:20 Loom
17:28 Castle Age
17:33 Double-Bit Axe
18:21 Squires
18:25 Scale Mail Armor
18:38 Forging
18:28 Stone Mining
21:25 Wheelbarrow
25:17 Bow Saw
24:49 Horse Collar
29:15 Scale Barding Armor
33:30 Gold Mining
34:20 Fletching
37:21 Elite Skirmisher
41:12 Iron Casting
40:57 Chain Barding Armor
44:02 Hand Cart
44:50 Bodkin Arrow
45:31 Iron Casting
45:14 Chain Mail Armor
45:20 Chain Barding Armor
45:24 Ballistics
44:58 Treadmill Crane
49:21 Bloodlines
49:11 Husbandry
borraznajera
0:31 Loom
12:42 Feudal Age
14:02 Wheelbarrow
13:13 Town Watch
13:32 Double-Bit Axe
13:53 Town Watch
14:16 Horse Collar
14:57 Arson
16:29 Gold Mining
17:31 Stone Mining
17:57 Scale Barding Armor
17:53 Scale Mail Armor
18:04 Forging
18:18 Bloodlines
24:34 Castle Age
25:33 Hand Cart
25:18 Town Patrol
25:46 Chain Barding Armor
32:25 Heated Shot
33:47 Bow Saw
36:09 Heavy Plow
36:44 Chain Mail Armor
38:02 Stone Shaft Mining
40:32 Imperial Age
39:23 Ballistics
38:54 Guard Tower
39:20 Fortified Wall
39:36 Fervor
39:47 Sanctity
39:45 Gambesons
39:21 Pikeman
41:17 Masonry
42:38 Chemistry
42:14 Keep
41:45 Siege Engineers
42:02 Conscription
42:53 Elite Teutonic Knight
43:04 Sappers
43:55 Crenellations
45:15 Iron Casting
45:10 Plate Mail Armor
45:45 Two-Man Saw
45:25 Crop Rotation
47:10 Blast Furnace
46:45 Plate Barding Armor
46:38 Ironclad
46:51 Squires
46:12 Halberdier
47:45 Hoardings
47:59 Padded Archer Armor
47:50 Fletching
48:40 Cavalier
tugou
8:39 Loom
11:01 Feudal Age
16:02 Castle Age
14:14 Double-Bit Axe
14:15 Horse Collar
20:05 Bow Saw
21:42 Fletching
23:34 Bodkin Arrow
25:56 Ballistics
27:44 Wheelbarrow
27:05 Gold Mining
27:26 Town Watch
30:41 Imperial Age
29:20 Stone Mining
30:06 Gold Shaft Mining
30:56 Masonry
31:39 Bracer
33:16 Husbandry
34:35 Elite War Wagon
35:36 Conscription
36:11 Hand Cart
42:24 Shinkichon
42:18 Heavy Rocket Cart
44:34 Two-Man Saw
46:15 Siege Engineers
47:11 Chemistry
46:43 Architecture
陟遐自迩
0:43 Loom
11:50 Feudal Age
12:50 Horse Collar
18:11 Castle Age
16:39 Double-Bit Axe
16:48 Stone Mining
20:46 Wheelbarrow
21:18 Bow Saw
21:40 Heavy Plow
21:53 Gold Mining
24:09 Gold Shaft Mining
24:18 Squires
24:03 Arson
25:14 Forging
25:29 Scale Mail Armor
34:02 Imperial Age
32:59 Hand Cart
32:38 Town Watch
34:01 Iron Casting
33:49 Chain Mail Armor
36:10 Two-Man Saw
35:03 Gambesons
34:40 Elite Varangian Guard
35:50 Conscription
35:00 Shield Wall
36:39 Plate Mail Armor
36:04 Elite Hearth Troop
38:34 Man-at-Arms
39:10 Fletching
39:21 Padded Archer Armor
41:32 Crop Rotation
ravi0licru
5:32 Loom
9:30 Feudal Age
12:15 Double-Bit Axe
13:15 Forging
14:50 Horse Collar
21:25 Castle Age
20:08 Gold Mining
21:21 Town Watch
21:53 Fletching
22:14 Bloodlines
22:50 Wheelbarrow
22:54 Bodkin Arrow
23:53 Husbandry
24:09 Padded Archer Armor
26:06 Leather Archer Armor
27:16 Ballistics
27:26 Thumb Ring
30:34 Stone Mining
32:44 Bow Saw
36:38 Imperial Age
38:26 Chemistry
37:32 Bracer
39:58 Parthian Tactics
40:35 Stone Shaft Mining
40:22 Conscription
41:40 Hand Cart
41:59 Scale Barding Armor
42:07 Heavy Plow
41:56 Light Cavalry
43:57 Gold Shaft Mining
43:34 Heavy Cavalry Archer
47:04 Capped Ram
47:59 Siege Ram
Connection lost

Rejoining the realm…

Still unreachable

The connection could not be restored.

Session expired

The server has moved on; the page needs a fresh start.